 Dungeon Crawl Stone Soup version 0.30-a0-142-g7370640ec8 (webtiles) character file.

Game seed: 10894501396310296089

163 qw the Shield-Bearer (level 5, 0/32 HPs)
             Began as a Gargoyle Fighter on Sept 26, 2022.
             Slain by an ogre
             ... wielding a +0 giant club
              (13 damage)
             ... on level 4 of the Dungeon.
             The game lasted 00:00:36 (1172 turns).

qw the Shield-Bearer (Gargoyle Fighter)             Turns: 1172, Time: 00:00:36

Health: 0/32       AC: 14    Str: 22    XL:     5   Next: 44%
Magic:  5/5        EV:  6    Int:  8    God:
Gold:   34         SH:  8    Dex:  9    Spells: 4/4 levels left

rFire   . . .      SeeInvis .    Y - +0 war axe
rCold   . . .      Faith    .    g - +0 kite shield
rNeg    + . .      Spirit   .    i - +0 chain mail
rPois   inf        Reflect  .    (no helmet)
rElec   +          Harm     .    (no cloak)
rCorr   .          Rampage  .    (no gloves)
Will    .....                    h - +0 pair of boots
Stlth   ..........               (no amulet)
HPRegen 0.10/turn                (no ring)
MPRegen 0.09/turn                (no ring)

@: no status effects
A: sickness immunity, AC +4, negative energy resistance 1, electricity
resistance, torment resistance 1, petrification resistance
a: no special abilities


You were on level 4 of the Dungeon.
You visited 1 branch of the dungeon, and saw 3 of its levels.

You collected 44 gold pieces.
You spent 10 gold pieces at shops.


Innate Abilities, Weirdness & Mutations

You are immune to sickness and miasma.
Your stone body is resilient. (AC +4)
You are immune to poison.
You resist negative energy. (rN+)
You are resistant to electric shocks. (rElec)
You are resistant to unholy torment.
You are immune to petrification.


   Skills:
 - Level 3.2 Fighting
 - Level 4.1 Axes
 - Level 3.2 Armour
 + Level 4.7 Shields


You had 4 spell levels left.
You didn't know any spells.
Your spell library was empty.

Inventory:

Hand Weapons
 f - a +0 club
 Y - a +0 war axe (weapon)
Armour
 g - a +0 kite shield (worn)
 h - a +0 pair of boots (worn)
 i - a +0 chain mail (worn)
Scrolls
 a - a scroll of identify
Potions
 b - a potion of brilliance {unknown}
 c - a potion of heal wounds {unknown}
 d - 2 potions of might
 e - a potion of curing
 j - a potion of ambrosia {unknown}
 k - a potion of resistance {unknown}
 l - a potion of lignification {unknown}

Dungeon Overview and Level Annotations

Branches:
Dungeon (4/15)
 Temple: D:4-7

Altars:

Shops:
D:1 (


Message History

You block the jackal's attack. The iguana bites you.
You block the ufetubus's attack.
The ufetubus hits you but does no damage.
The jackal barely misses you. You block the iguana's attack.
You hit the iguana.
The iguana is severely wounded.
You closely miss the ufetubus. You barely miss the jackal.
You block the ufetubus's attack.
The ufetubus hits you but does no damage.
You block the jackal's attack.
The ufetubus hits you but does no damage. x2
The jackal bites you but does no damage.
The iguana bites you but does no damage.
You hit the iguana but do no damage.
The iguana is severely wounded.
You miss the ufetubus. You hit the jackal.
The ufetubus hits you but does no damage.
You block the ufetubus's attack.
The jackal bites you but does no damage.
The ufetubus hits you but does no damage. x2
The jackal bites you but does no damage.
The iguana barely misses you. You block the ufetubus's attack.
The ufetubus hits you but does no damage.
You slash the iguana!
You kill the iguana!
You slash the ufetubus!
You kill the ufetubus!
You miss the jackal.
The jackal bites you but does no damage.
You block the jackal's attack. You block the endoplasm's attack.
You closely miss the jackal.
The jackal is lightly wounded.
You slash the endoplasm!
You kill the endoplasm!
The jackal bites you but does no damage. x2
You completely miss the jackal.
The jackal is lightly wounded.
You slash the ogre! You block the jackal's attack.
The ogre hits you with a +0 giant club!
You die...

### ..#
#.#### ###
#....
...#...#
#.#.#%######
#..>@O.$....
###.#h.##..#
#.#..#
#.#...~
#.#...~~
#.#....~..
#.#...~~..
#.##..##..
#..


You could see an ogre and a jackal.

Vanquished Creatures
  A hound (D:4)
  An iguana (D:4)
  Natasha (D:2)
  A gnoll (D:1)
  2 adders
  An ufetubus (D:4)
  A worm (D:2)
  2 dart slugs (D:2)
  6 bats
  7 endoplasms
  2 giant cockroaches
  3 goblins (D:1)
  5 hobgoblins
  3 quokkas
  A ball python (D:1)
  A frilled lizard (D:1)
  4 kobolds
  3 rats (D:1)
45 creatures vanquished.

Notes
Turn   | Place    | Note
-------+----------+-------------------------------------------
     0 | D:1      | qw the Gargoyle Fighter began the quest for the Orb.
     0 | D:1      | Reached XP level 1. HP: 14/14 MP: 1/1
     0 | D:1      | 0 ||| qw: Version: 0.2-a-10-g399e6c4
     0 | D:1      | 0 ||| qw: Game counter: 449
     0 | D:1      | 0 ||| qw: Always use a shield: true
     0 | D:1      | 0 ||| qw: God list: Okawaru
     0 | D:1      | 0 ||| qw: Allow faded altars: false
     0 | D:1      | 0 ||| qw: Do Orc after D:15 true
     0 | D:1      | 0 ||| qw: Do second Lair branch before Depths: true
     0 | D:1      | 0 ||| qw: Lair rune preference: random
     0 | D:1      | 0 ||| qw: Plans: Normal, Zot:1-4, God:TSO, Crypt, Tomb,
                  | Pan, Slime:5, Hells, Abyss, Orb
     0 | D:1      | 0 ||| PLANNING D:1-11
    35 | D:1      | Found Kotzow's Weapon Emporium.
    43 | D:1      | 43 ||| BUYING +0 club (10 gold).
    43 | D:1      | Bought a +0 club for 10 gold pieces
    43 | D:1      | 43 ||| SHOPLISTING +0 mace (30 gold, have 1).
    43 | D:1      | 43 ||| SHOPLISTING +0 whip (25 gold, have 1).
   179 | D:1      | 179 ||| Stepping ~*~*~tactically~*~*~ (stealth).
   209 | D:1      | Reached XP level 2. HP: 19/19 MP: 2/2
   339 | D:1      | Reached skill level 3 in Axes
   339 | D:1      | Reached XP level 3. HP: 23/23 MP: 3/3
   644 | D:1      | 644 ||| UPGRADING to +0 kite shield.
   654 | D:1      | 654 ||| DROPPING +0 buckler.
   655 | D:1      | 655 ||| UPGRADING to +0 pair of boots.
   660 | D:1      | 660 ||| UPGRADING to +0 chain mail.
   670 | D:1      | 670 ||| DROPPING +0 scale mail.
   671 | D:1      | 671 ||| READING 2 scrolls labelled ACAPREROM.
   672 | D:1      | 672 ||| READING scroll labelled UTARIS LAFETEK.
   673 | D:1      | 673 ||| DRINKING 2 lumpy green potions.
   897 | D:2      | Noticed Natasha
   902 | D:2      | Killed Natasha
   903 | D:2      | Reached XP level 4. HP: 26/28 MP: 4/4
  1086 | D:2      | 1086 ||| Stepping ~*~*~tactically~*~*~ (stealth).
  1148 | D:2      | You fall into a shaft and drop 2 floors!
  1151 | D:4      | 1151 ||| Stepping ~*~*~tactically~*~*~ (stealth).
  1157 | D:4      | 1157 ||| Stepping ~*~*~tactically~*~*~ (stealth).
  1164 | D:4      | Noticed an ogre
  1166 | D:4      | Reached XP level 5. HP: 16/32 MP: 5/5
  1172 | D:4      | Slain by an ogre

Levels and vault maps discovered:
D:1:      minmay_arrival_jagged, layout_rooms, serial_shops,
          nicolae_shop_bloodbath_and_beyond, minmay_tree_intersection
D:2:      layout_loops_corners, grunt_ministairs_9, uniq_natasha
D:4:      layout_basic, serial_curves, eino_curves_02, eino_curves_02,
          ldierk_geyser

Skill      XL: |  1  2  3  4 |
---------------+-------------+-----
Axes           | 2 3 4 |  4.1
Shields        | 4 |  4.7
Fighting       | |  3.2
Armour         | |  3.2

Action                   |  1- 3 |  4- 6 || total
-------------------------+-------+-------++-------
Melee: War axe           |    66 |    47 ||   113
  Use: Scroll            |     2 |       ||     2
       Potion            |     1 |       ||     1
Armor: Scale mail        |    21 |       ||    21
       Chain mail        |     3 |    53 ||    56
Dodge: Dodged            |    24 |    19 ||    43
Block: Buckler           |    13 |       ||    13
       Kite shield       |     2 |    33 ||    35

Table legend:
 A = Non-vault XP
 B = Vault XP
 C = Vault XP percentage of total XP
 D = Non-vault monster count
 E = Vault monster count
 F = Vault count percentage of total count
                 A         B        C        D         E       F
            +---------+---------+-------+---------+---------+-------
      Total |     192 |      41 |  17.6 |      42 |       3 |   6.7
            +---------+---------+-------+---------+---------+-------
        D:1 |      44 |       0 |   0.0 |      21 |       0 |   0.0
        D:2 |      42 |      41 |  49.4 |      14 |       3 |  17.6
        D:4 |     106 |       0 |   0.0 |       7 |       0 |   0.0
            +---------+---------+-------+---------+---------+-------
